 Dungeon Crawl Stone Soup version 0.31-a0-988-g08d55dae12 (webtiles) character file.

Game seed: 10761950646156022311

68 Pixllover the Ruffian (level 4, -1/40 HPs)
             Began as a Ghoul Monk on Nov 4, 2023.
             Slain by a goblin
             ... wielding a +0 dagger
             ... led by Robin
              (5 damage)
             ... on level 3 of the Dungeon.
             The game lasted 00:02:18 (1474 turns).

Pixllover the Ruffian (Ghoul Monk)                  Turns: 1474, Time: 00:02:18

Health: -1/40      AC:  8    Str: 16    XL:     4   Next: 19%
Magic:  3/3        EV:  8    Int:  7    God:
Gold:   79         SH:  5    Dex: 11    Spells: 3/3 levels left

rFire   . .          .
                       - Unarmed
rCold   + . .        c - orb {light}
rNeg    + + +        j - +0 chain mail
rPois   ∞            (no helmet)
rElec   .            l - scarf {repulsion}
rCorr   .            (no gloves)
SInv    .            (no boots)
Will    ++...        k - amulet "Roab" {Reflect Contam Will++ Int+2 SH+5} Stlth
                     (no ring)
HPRegen 0.00/turn    (no ring)
MPRegen 0.08/turn

%: repel missiles, reflection
@: inhibited regen, glowing
A: claws 1, cold resistance 1, negative energy resistance 3, inhibited
regeneration, torment resistance 2, devour on kill
a: no special abilities


You were on level 3 of the Dungeon.
You visited 1 branch of the dungeon, and saw 3 of its levels.

You collected 79 gold pieces.

Inventory:

Armour
 c - an orb of light (worn)
 j - a +0 chain mail (worn)
 l - a scarf of repulsion (worn)
Jewellery
 k - the amulet "Roab" (around neck) {Reflect Contam Will++ Int+2 SH+5}
   (You found it on level 2 of the Dungeon)

   [amulet of reflection]

   Reflect:   It reflects blocked missile attacks.
   Int+2:     It affects your intelligence (+2).
   Will++:    It greatly increases your willpower.
   Contam:    It causes magical contamination when unequipped.
   SH+5:      It affects your SH (+5).
Scrolls
 a - 2 scrolls of vulnerability {unknown}
 d - a scroll of amnesia {unknown}
 g - 3 scrolls of enchant weapon {unknown}
 h - 6 scrolls of identify {unknown}
 i - a scroll of fear {unknown}
Potions
 b - a potion of ambrosia
 e - a potion of might {unknown}
 f - a potion of degeneration {unknown}
 m - a potion of magic {unknown}
 n - a potion of haste {unknown}


   Skills:
 + Level 3.6 Fighting
 + Level 0.6 Armour
 + Level 3.4 Dodging
 + Level 0.1 Stealth
 + Level 4.2 Unarmed Combat


You had 3 spell levels left.
You didn't know any spells.
Your spell library was empty.

Dungeon Overview and Level Annotations

Branches:
Dungeon (3/15)

Altars:

Annotations:
D:3 Robin


Innate Abilities, Weirdness & Mutations

You are immune to poison.
You have sharp fingernails.
Your flesh is cold resistant. (rC+)
You are immune to negative energy. (rN+++)
You do not regenerate when monsters are visible.
You are immune to unholy pain and torment.
You thrive by killing the living.


Message History

You see here a +0 dagger.
You claw the goblin!
You kill the goblin!
The hobgoblin hits you.
Robin roars a battlecry!
The goblins go into a battle-frenzy!
You hear a shout!
Things that are here:
a +0 dagger; a goblin corpse You barely miss the hobgoblin.
The hobgoblin barely misses you.
You scratch the hobgoblin but do no damage.
The goblin no longer looks unusually strong.
You block the hobgoblin's attack.
You scratch the hobgoblin but do no damage.
You block the hobgoblin's attack.
You scratch the hobgoblin.
The hobgoblin is almost dead.
The hobgoblin barely misses you.
You scratch the hobgoblin.
You kill the hobgoblin!
The hobgoblin no longer looks unusually strong.
The goblin attacks as it pursues you! The goblin completely misses you.
Robin throws the goblin at you! The goblin hits you with a +0 club.
You scratch the goblin.
You kill the goblin!
The goblin hits you with a +0 club.
* * * LOW HITPOINT WARNING * * *
Robin roars a battlecry!
The goblins go into a battle-frenzy!
Things that are here:
a +0 club; a goblin corpse You scratch the goblin but do no damage.
The goblin hits you with a +0 club.
* * * LOW HITPOINT WARNING * * *
Robin throws the goblin at you!
You scratch the goblin but do no damage.
The goblin hits you with a +0 club.
* * * LOW HITPOINT WARNING * * *
The goblin hits you with a +0 dagger.
You die...

########## #.........
#.######## #########.####
#............#
#.##.#######.#
####.#...### #.########
#..........####g@ggg.g)#
.............#########)#
#.#...#......## #†#
#.####...............ggg#
#.# ##.).......#.#####g.#
#.###.......... #g.#
............... #..#
#.###.......### #...
#.####.#....... ....


You could see Robin, a hobgoblin (strong) and 3 goblins.

Vanquished Creatures
  An adder (D:3)
  A worm (D:2)
  2 dart slugs (D:2)
  An orc (D:3)
  5 endoplasms
  2 giant cockroaches (D:1)
  4 goblins (D:3)
  8 hobgoblins
  5 jackals
  3 kobolds
  2 quokkas
  5 ball pythons (D:1)
  2 bats
  3 frilled lizards
  3 rats
47 creatures vanquished.

Notes
Turn   | Place    | Note
-------+----------+-------------------------------------------
     0 | D:1      | Pixllover the Ghoul Monk began the quest for the Orb.
     0 | D:1      | Reached XP level 1. HP: 19/19 MP: 0/0
    10 | D:1      | Found a faded altar of an unknown god.
    62 | D:1      | Reached XP level 2. HP: 23/26 MP: 1/1
   517 | D:1      | Reached XP level 3. HP: 31/31 MP: 2/2
   736 | D:2      | Identified the amulet "Roab" {Reflect Contam Will++ Int+2
                  | SH+5}
  1076 | D:2      | Reached skill level 4 in Unarmed Combat
  1413 | D:3      | Reached XP level 4. HP: 40/40 MP: 3/3
  1445 | D:3      | Noticed Robin
  1474 | D:3      | Slain by a goblin

Illustrated notes

Levels and vault maps discovered:
D:1:      roderic_dead_forest, layout_basic, basic_ecumenical_altar,
          minmay_indecisive_spiral
D:2:      layout_loops_ring, nicolae_twisty_statue_hallways
D:3:      layout_loops_ring, grunt_temple_overflow_diamond, uniq_robin,
          uniq_terence

Skill      XL: |  1  2  3 |
---------------+----------+-----
Dodging        | 3 |  3.4
Unarmed Combat | 4 |  4.2
Fighting       | |  3.6
Armour         | |  0.6
Stealth        | |  0.1

Action                     |  1- 3 |  4- 6 || total
---------------------------+-------+-------++-------
  Melee: Unarmed           |    89 |    19 ||   108
 Armour: Robe              |    21 |       ||    21
         Chain mail        |    23 |    27 ||    50
  Dodge: Dodged            |    53 |    10 ||    63
         Repelled          |     1 |       ||     1
  Block: Orb               |     9 |     7 ||    16
         Reflection        |     1 |       ||     1

Table legend: (Time is in decaauts)
 A = Elapsed time spent in this place.
 B = Non-inter-level travel time spent in this place.
 C = Inter-level travel time spent in this place.
 D = Time resting spent in this place.
 E = Time spent auto-exploring this place.
 F = Levels seen in this place.
 G = Mean time per level.
                   A        B        C        D        E       F      G
               +--------+--------+--------+--------+--------+-----+--------+
         Total |   1465 |   1450 |     15 |      0 |   1071 |   3 |  488.3 |
       Dungeon |   1465 |   1450 |     15 |      0 |   1071 |   3 |  488.3 |
               +--------+--------+--------+--------+--------+-----+--------+

Top non-repeatable levels by time:
     D:1: 694 daAuts
     D:2: 676 daAuts
     D:3: 94 daAuts
